 Dungeon Crawl Stone Soup version 0.27.0-65-ge2af304b15 (webtiles) character file.

Game seed: 9072417589062968686

3114 pkoi the Grappler (level 9, -4/85 HPs)
             Began as a Troll Monk on Aug 18, 2021.
             Was a Believer of Dithmenos.
             Slain by a hobgoblin (6 damage)
             ... in a bailey.
             The game lasted 00:07:21 (5048 turns).

pkoi the Grappler (Troll Monk)                      Turns: 5048, Time: 00:07:22

Health: -4/85      AC:  5    Str: 24    XL:     9   Next: 60%
Magic:  8/8        EV: 11    Int: 12    God:    Dithmenos [**....]
Gold:   281        SH:  0    Dex: 12    Spells: 8/8 levels left

rFire    . . .     SeeInvis .     - Unarmed
rCold    . . .     Faith    .   (no shield)
rNeg     . . .     Spirit   .   a - +1 robe
rPois    .         Reflect  .   (helmet restricted)
rElec    .         Harm     .   (no cloak)
rCorr    .         Rampage  .   (gloves unavailable)
Will     .....                  (boots unavailable)
Stlth    +++.......             c - amulet of magic regeneration
HPRegen  1.24/turn              j - +6 ring of intelligence
MPRegen  0.36/turn              (no ring)

@: wreathed by umbra
A: large, unfitting armour, claws 3, regeneration 1, shaggy fur 1, tough skin 1
a: Renounce Religion, Shadow Step


You were in a bailey.
You worshipped Dithmenos.
Dithmenos was pleased with you.
You visited 2 branches of the dungeon, and saw 8 of its levels.
You also visited: Bailey.

You collected 281 gold pieces.

Inventory:

Missiles
 e - 8 boomerangs (quivered)
Armour
 a - a +1 robe (worn)
Jewellery
 c - an amulet of magic regeneration (around neck)
 j - a +6 ring of intelligence (left claw)
 m - a +4 ring of evasion
Wands
 k - a wand of polymorph (3)
 p - a wand of acid (11)
 s - a wand of paralysis (11)
Scrolls
 f - 2 scrolls of blinking
 g - 2 scrolls of identify
 l - a scroll of amnesia
Potions
 b - 2 potions of degeneration {unknown}
 d - a potion of attraction
 h - 2 potions of berserk rage {unknown}
 i - 2 potions of resistance {unknown}
 n - a potion of might {unknown}
 o - 3 potions of cancellation
 q - a potion of heal wounds
 r - 2 potions of curing {unknown}
 t - 2 potions of invisibility {unknown}


   Skills:
 - Level 4.6 Fighting
 + Level 3.4 Throwing
 - Level 4.6 Dodging
 + Level 3.2 Stealth
 * Level 10.2 Unarmed Combat


You had 8 spell levels left.
You didn't know any spells.
Your spell library contained the following spells:

 Spells                   Type           Power      Damage    Failure   Level
 Sandblast                Erth           0%         2d4       32%         1
 Passwall                 Tmut/Erth      0%         N/A       45%         2
 Airstrike                Air            0%         N/A       97%         4
 Olgreb's Toxic Radiance  Pois           0%         N/A       97%         4
 Summon Lightning Spire   Summ/Air       0%         N/A       97%         4
 Alistair's Intoxication  Tmut/Pois      0%         N/A       100%        5
 Borgnjor's Vile Clutch   Necr/Erth      0%         N/A       100%        5
 Lee's Rapid Deconstruct  Erth           0%         3d5*      100%        5
 Lightning Bolt           Conj/Air       0%         1d11      100%        5
 Eringya's Noxious Bog    Tmut/Pois      0%         N/A       100%        6
 Malign Gateway           Summ/Tloc      0%         N/A       100%        7
 Ozocubu's Refrigeration  Ice            0%         4d5       100%        7
 Ignition                 Fire           0%         3d3       100%        8
 Summon Horrible Things   Summ           0%         N/A       100%        8


Dungeon Overview and Level Annotations

Branches:
Dungeon (7/15)             Temple (1/1) D:5          Bailey (1/1)

Altars:
Ashenzari
Cheibriados
Dithmenos
Elyvilon
Fedhas
Kikubaaqudgha
Makhleb
Nemelex Xobeh
Okawaru
Ru
Sif Muna
Uskayaw
Vehumet
Wu Jian
Xom
Yredelemnul
Zin

Annotations:
D:7 1 runed translucent door, mewnfare's ghost, novice DjFE


Innate Abilities, Weirdness & Mutations

You are too large for most types of armour.
You have claws for hands.
Your natural rate of healing is unusually fast.
You are covered in fur. (AC +1)
You have tough skin. (AC +1)


Message History

You are too injured to fight recklessly!
You are too injured to fight recklessly!
You are too injured to fight recklessly!
You are too injured to fight recklessly!
You are too injured to fight recklessly!
You are too injured to fight recklessly!
You are too injured to fight recklessly!
You are too injured to fight recklessly!
You are too injured to fight recklessly!
You are too injured to fight recklessly!
You are too injured to fight recklessly!
You are too injured to fight recklessly!
You are too injured to fight recklessly!
You are too injured to fight recklessly!
You are too injured to fight recklessly!
You are too injured to fight recklessly!
You are too injured to fight recklessly!
You are too injured to fight recklessly!
You are too injured to fight recklessly!
You are too injured to fight recklessly!
The electric eel shoots out a bolt of lightning at you!
The bolt of electricity hits you!
* * * LOW HITPOINT WARNING * * *
The hobgoblin hits you with a +0 hand axe!
* * * LOW HITPOINT WARNING * * *
You closely miss the hobgoblin.
The hobgoblin hits you with a +0 hand axe.
* * * LOW HITPOINT WARNING * * *
The hobgoblin closely misses you.
You closely miss the hobgoblin.
The electric eel shoots out a bolt of lightning at you!
The bolt of electricity hits the orc.
The bolt of electricity hits you.
* * * LOW HITPOINT WARNING * * *
The bolt of electricity hits the hobgoblin!
The hobgoblin dies!
The orc barely misses you.
The orc warrior hits you with a +0 hand axe!
* * * LOW HITPOINT WARNING * * *
The hobgoblin hits you with a +0 hand axe.
You die...

#≈≈≈≈≈# #≈≈≈≈≈#
###≈≈≈≈≈# #.≈;≈≈≈≈#
#.≈≈≈≈≈.######
####++#.≈≈≈≈≈......#
#.....#.≈≈≈≈≈......###
#....)oo.............#
#..⌠..g@.........∩..∩#
#.....)..............#
#.....#.≈≈≈≈≈......###
####++#.≈≈≈≈≈......#
#.≈≈≈≈≈.######
#.≈≈≈≈≈≈# ###≈≈≈≈≈#
#≈≈≈≈≈# #≈≈≈≈≈#


You could see an orc warrior, an electric eel, an orc and a hobgoblin.

Vanquished Creatures
  Pikel (D:5)
  A centaur zombie (D:5)
  Sigmund (D:5)
  Eustachio (D:5)
  Menkaure (D:5)
  A water moccasin (D:5)
  An ice beast (D:6)
  2 sky beasts (D:7)
  A black bear (D:7)
  2 necrophages
  2 centaurs
  4 lemures (D:5)
  A kobold brigand (D:6)
  Blork the orc (D:5)
  2 bullfrogs
  A wyvern zombie (D:7)
  A water moccasin skeleton (D:6)
  A wight (D:7)
  2 howler monkeys (D:7)
  A hound (D:4)
  2 jellies (D:5)
  Crazy Yiuf (D:5)
  An orc priest (D:5)
  A centaur skeleton (D:7)
  A bullfrog skeleton (D:5)
  A gnoll shaman (D:7)
  Ijyb (D:5)
  5 orc wizards
  Robin (D:4)
  10 gnolls
  4 adders
  A worm (D:2)
  4 dart slugs
  15 orcs
  4 ball pythons
  6 bats
  11 endoplasms
  3 giant cockroaches
  11 goblins
  5 hobgoblins
  4 jackals (D:3)
  8 kobolds
  A quokka (D:3)
  3 frilled lizards
  6 rats
138 creatures vanquished.

Vanquished Creatures (others)
  A hobgoblin (Bailey)
  2 fungi (D:5)
  2 plants (D:7)
5 creatures vanquished.

Grand Total: 143 creatures vanquished

Notes
Turn   | Place    | Note
-------+----------+-------------------------------------------
     0 | D:1      | pkoi the Troll Monk began the quest for the Orb.
     0 | D:1      | Reached XP level 1. HP: 22/22 MP: 0/0
   140 | D:1      | Reached XP level 2. HP: 29/29 MP: 1/1
   447 | D:1      | Reached skill level 4 in Unarmed Combat
   520 | D:1      | Found a faded altar of an unknown god.
   779 | D:2      | Reached XP level 3. HP: 36/36 MP: 2/2
  1226 | D:3      | Reached skill level 5 in Unarmed Combat
  1226 | D:3      | Reached XP level 4. HP: 33/44 MP: 3/3
  1759 | D:3      | Reached XP level 5. HP: 50/50 MP: 4/4
  2107 | D:4      | Noticed Robin
  2115 | D:4      | Reached skill level 1 in Throwing
  2133 | D:4      | Killed Robin
  2380 | D:5      | Entered Level 5 of the Dungeon
  2394 | D:5      | Reached skill level 6 in Unarmed Combat
  2563 | D:5      | Noticed a centaur warrior zombie
  2577 | D:5      | Killed a centaur warrior zombie
  2578 | D:5      | Reached skill level 7 in Unarmed Combat
  2578 | D:5      | Reached XP level 6. HP: 61/61 MP: 5/5
  2578 | D:5      | Reached XP level 7. HP: 67/67 MP: 6/6
  2582 | D:5      | Noticed Menkaure
  2590 | D:5      | Killed Menkaure
  2702 | D:5      | Noticed Blork the orc
  2709 | D:5      | Killed Blork the orc
  2737 | D:5      | Found a staircase to the Ecumenical Temple.
  2887 | D:5      | Noticed Pikel
  2895 | Temple   | Entered the Ecumenical Temple
  3086 | Temple   | Became a worshipper of Dithmenos the Shadowed
  3086 | Temple   | Reached * piety under Dithmenos
  3086 | Temple   | Reached ** piety under Dithmenos
  3143 | D:5      | Found an ancient bone altar of Kikubaaqudgha.
  3295 | D:5      | Noticed Eustachio
  3319 | D:5      | Killed Eustachio
  3347 | D:5      | Noticed Sigmund
  3354 | D:5      | Killed Sigmund
  3355 | D:5      | Reached skill level 8 in Unarmed Combat
  3355 | D:5      | Reached XP level 8. HP: 74/78 MP: 7/7
  3499 | D:5      | Noticed Ijyb
  3515 | D:5      | Killed Ijyb
  3524 | D:5      | Killed Pikel
  3525 | D:5      | Reached skill level 9 in Unarmed Combat
  3705 | D:5      | Found a runed translucent door.
  3706 | D:5      | Noticed Crazy Yiuf
  3712 | D:5      | Killed Crazy Yiuf
  3837 | D:6      | Reached XP level 9. HP: 85/85 MP: 8/8
  4665 | D:7      | Found a sacrificial altar of Ru.
  4669 | D:7      | Found a burning altar of Makhleb.
  4682 | D:7      | Found a shimmering blue altar of Sif Muna.
  4742 | D:7      | Found a runed translucent door.
  4742 | D:7      | Noticed mewnfare's ghost (novice DjFE)
  4874 | D:7      | Reached skill level 10 in Unarmed Combat
  4896 | D:7      | Found a flagged portal.
  4953 | D:7      | Found a radiant altar of Vehumet.
  5012 | Bailey   | Entered a bailey
  5048 | Bailey   | HP: 2/85 [orc warrior (9)]
  5048 | Bailey   | Slain by a hobgoblin

Illustrated notes

Levels and vault maps discovered:
D:1:      grunt_arrival_crossed_arrows, layout_basic,
          hellmonk_ecumenical_altar_heavens_door
D:2:      layout_rooms, hangedman_abyss_or_decor_stabs, grunt_decor_arrowhead,
          chequers_serial_rivers_micro_d, minivault_11, minivault_27
D:3:      layout_loops_cross, kennysheep_generic_room_4
D:4:      layout_rooms, serial_corexii_hall, chequers_hall_statues_wall_a,
          corexii_hall_statues_deadend, uniq_robin
D:5:      layout_gridville, mainiacjoe_overflow_alcove_1,
          minmay_temple_entry_hall, uniq_sigmund, uniq_menkaure, uniq_pikel,
          uniq_blork_the_orc, uniq_crazy_yiuf_cottage, uniq_ijyb, uniq_eustachio
D:6:      layout_loops_corners, st_stairs_10
D:7:      layout_loops_ring, trog_butcher_becter,
          minmay_overflow_temple_star_quad, nicolae_vehumet_radiance,
          enter_bailey_8, hellmonk_ghost_happy_afterlife, serial_bayou_lagoon_a
Temple:   minmay_temple_bridge_abc
Bailey:   bailey_axe_of_yendor_kennysheep, bailey

Skill      XL: |  1  2  3  4  5  6  7  8  9 |
---------------+----------------------------+-----
Unarmed Combat | 4 5 7 8 9 10 | 10.2
Throwing       | 1 3 |  3.4
Fighting       | 3 4 |  4.6
Dodging        | 3 4 |  4.6
Stealth        | 2 3 |  3.2

Action                   |  1- 3 |  4- 6 |  7- 9 || total
-------------------------+-------+-------+-------++-------
Melee: Unarmed           |    69 |   129 |   233 ||   431
       Punch             |       |     4 |     8 ||    12
  Use: Scroll            |     5 |     1 |     5 ||    11
 Stab: Sleeping          |     5 |     2 |     5 ||    12
       Distracted        |     1 |       |       ||     1
Armor: Robe              |    25 |    50 |    59 ||   134
       Skin              |       |       |    14 ||    14
Dodge: Dodged            |    28 |    52 |   131 ||   211
